 Dungeon Crawl Stone Soup version 0.16-a0-51-g3cd7026 (webtiles) character file.

152380 PolkaDot the Imperceptible (level 17, -10/128 HPs)
             Began as a Vampire Enchanter on Aug 6, 2014.
             Was the Champion of Ashenzari.
             Mangled by an anaconda (17 damage)
             ... on Level 5 of the Snake Pit on Aug 7, 2014.
             The game lasted 03:04:50 (38691 turns).

PolkaDot the Imperceptible (Vampire Enchanter)     Turns: 38691, Time: 03:04:52

HP -10/128       AC 16     Str  7      XL: 17   Next:  2%
MP   5/31        EV 24     Int 22      God: Ashenzari [******]
Gold 178         SH  8     Dex 14      Spells:  9 memorised,  1 level left

rFire  + + .     SeeInvis +     o - +9 dagger (vamp) (curse)
rCold  + + .     Clarity  +     y - +1 leather armour {MR+} (curse)
rNeg   + + +     rCorr    .     l - +2 buckler of a Thousand Wishes {rF+ Slay+2}
rPois  +         rRot     +     R - +1 helmet {SInv} (curse)
rElec  .         Spirit   .     q - +2 cloak (curse)
SustAb +         Warding  .     D - +2 pair of gloves (curse)
rMut   +         Stasis   .     d - +2 pair of boots (curse)
Gourm  .                        O - cursed amulet of resist mutation
MR     ++...                    z - cursed +4 ring of evasion
                                k - cursed ring of sustain abilities

@: about to teleport, very slightly contaminated, bloodless, non-regenerating,
constricted, very resistant to hostile enchantments, uncannily stealthy
A: bottle blood, fangs 3, see invisible, fire resistance 1, unbreathing
a: Bat Form, Bottle Blood, Scrying, Transfer Knowledge, Renounce Religion


You were on level 5 of the Snake Pit.
You worshipped Ashenzari.
Ashenzari was exalted by your worship.
You were bloodless.

You visited 5 branches of the dungeon, and saw 32 of its levels.
You also visited: Labyrinth, Sewer and Bailey.

You collected 2876 gold pieces.
You spent 2698 gold pieces at shops.

Inventory:

Hand weapons
 o - a cursed +9 vampiric dagger (weapon)
Missiles
 w - a throwing net (quivered)
Armour
 d - a cursed +2 pair of boots (worn)
 l - the cursed +2 buckler of a Thousand Wishes (worn) {rF+ Slay+2}
   (You acquired it on level 2 of the Lair of Beasts)

   It affects your accuracy and damage with ranged weapons and melee attacks
   (+2).
   It protects you from fire.
   It has a curse placed upon it.
 q - a cursed +2 cloak (worn)
 y - a cursed +1 leather armour of magic resistance (worn)
 D - a cursed +2 pair of gloves (worn)
 R - a cursed +1 helmet of see invisible (worn)
Magical devices
 F - a wand of teleportation (4)
 G - a wand of digging (22)
 N - a wand of paralysis (5)
 P - a wand of fire (10)
Scrolls
 a - 4 scrolls of curse armour
 e - 5 scrolls of blinking
 f - 7 scrolls of remove curse
 h - 2 scrolls of fog
 i - a scroll of curse jewellery
 m - 5 scrolls of curse weapon
 p - 4 scrolls of recharging
 r - 8 scrolls of teleportation
 s - 3 scrolls of fear
 A - 2 scrolls of magic mapping
 H - a scroll of vulnerability
 I - 2 scrolls of silence
 J - 13 scrolls of identify
 L - a scroll of brand weapon
 S - 2 scrolls of immolation
Jewellery
 k - a cursed ring of sustain abilities (left hand)
 n - an uncursed ring of protection from cold
 z - a cursed +4 ring of evasion (right hand)
 O - a cursed amulet of resist mutation (around neck)
Potions
 b - a potion of cancellation
 c - a potion of cure mutation {!q}
 j - 3 potions of brilliance
 t - 11 potions of curing
 u - 3 potions of magic
 v - 5 potions of restore abilities
 x - 6 potions of flight
 B - a potion of haste
 C - 2 potions of might
 M - 4 potions of agility
Books
 E - a book of Ice

   Spells                             Type                      Level
   Metabolic Englaciation             Hexes/Ice                    5
   Ozocubu's Refrigeration            Ice                          6
   Bolt of Cold                       Conjuration/Ice              6
   Freezing Cloud                     Conjuration/Ice/Air          6
   *Simulacrum                        Ice/Necromancy               6
 T - a book of Wizardry

   Spells                             Type                      Level
   Agony                              Necromancy                   5
   Force Lance                        Conjuration                  5
   Dispersal                          Translocation                6
   Haste                              Charms                       6
   Invisibility                       Hexes                        6
   Spellforged Servitor               Conjuration/Summoning        7


   Skills:
 - Level 10.0 Fighting
 - Level 10.2(14.4) Short Blades
 - Level 4.1 Armour
 - Level 12.1(16.3) Dodging
 - Level 21.3(24.7) Stealth
 - Level 5.0(8.0) Shields
 - Level 7.9 Spellcasting
 - Level 0.3(1.7) Conjurations
 - Level 20.4(23.9) Hexes
 - Level 9.6(13.9) Charms
 * Level 1.5(4.5) Necromancy
 + Level 3.8(7.9) Ice Magic


You had one spell level left.
You knew the following spells:

 Your Spells              Type           Power        Failure   Level  Hunger
a - Corona                Hex            #######      0%          1    None
b - Sure Blade            Hex/Chrm       #######...   0%          2    None
c - Confuse               Hex            #######.     0%          3    None
d - Ensorcelled Hibernat  Hex/Ice        ######       1%          2    None
e - Enslavement           Hex            #######.     0%          4    ###....
g - Summon Guardian Gole  Hex/Summ       ######..     1%          4    ###....
i - Simulacrum            Ice/Necr       #####.....   87%         6    ######.
s - Dazzling Spray        Conj/Hex       ######..     1%          3    None
v - Summon Mana Viper     Hex/Summ       ######..     1%          5    ####...


Dungeon Overview and Level Annotations

Branches:
Dungeon (15/15)            Temple (1/1) D:6             Orc (3/4) D:10
    Elf (0/3) Orc:3          Lair (8/8) D:10         Shoals (0/5) Lair:4
  Snake (5/5) Lair:4        Slime (0/6) Lair:6       Vaults (0/5) D:14
 Depths (0/5) D:15

Altars:
Ashenzari
Cheibriados
Dithmenos
Elyvilon
Fedhas
Gozag
Kikubaaqudgha
Makhleb
Okawaru
Qazlal
Sif Muna
Trog
Vehumet
Xom
Yredelemnul
Zin
The Shining One
Beogh
Jiyva

Shops:
D:7 *!   D:9 *   D:11 (   Orc:2 !   Orc:3 *}:?   Snake:2 ?   Snake:3 %
Snake:4 *%


Innate Abilities, Weirdness & Mutations

You do not heal naturally.
You can bottle blood from corpses.
You have razor-sharp teeth.
You have supernaturally acute eyesight.
You can survive without breathing.
Your flesh is heat resistant.


Message History

You feel strangely unstable.
The guardian serpent closely misses you.
The naga sharpshooter mumbles some strange words.
Magically, the naga sharpshooter shoots a bolt.
The bolt hits you!
* * * LOW HITPOINT WARNING * * *
The anaconda completely misses you.
* * * LOW HITPOINT WARNING * * *
The anaconda constricts you.
The guardian serpent coils itself and waves its upper body at you.
The bolt of poison hits you! You resist.
* * * LOW HITPOINT WARNING * * *
Read which item? (? for menu, Esc to quit)
As you read the scroll of fear, it crumbles to dust.
You assume a fearsome visage.
The greater naga is unaffected.
The naga sharpshooter looks frightened!
The naga looks frightened!
The guardian serpent looks frightened!
The anaconda resists.
The naga warrior looks frightened!
The naga looks frightened!
The anaconda bites you!
You die...

########)))#.. **{,∆
,,,#)).# ########...#...*
{,,, ,#(..#
########)).#...{**, {, #{..#
#########))##.. ** , ,{#NN.#
#######)#...#{.. ,, {{##{..#
.#####).#.).##{... ,,##.N.##
..###...##...###..{ ###N.).#
#<.#.).###..)).######.NN..##
.....)#####.....@SNNN%.(.##
, #...#########....S....(###
** ,
##....#########......### *
,,, ###....##....#########*,
, , #####...............##
,,, , *
#####.........%....### *,,*
,,,* ##################### *
****** #####################
#####################


You could see a naga warrior (fleeing), a greater naga, a naga sharpshooter
(fleeing), an anaconda, a guardian serpent (fleeing) and 2 nagas.

Vanquished Creatures
  Vashnia (Snake:5)
  Agnes (Snake:1)
  Frances (Snake:1)
  2 greater nagas
  2 orc warlords
  Snorg (Orc:2)
  A minotaur (Lab)
  A fire dragon (Lair:8)
  Josephine (Snake:1)
  A yaktaur captain (D:15)
  Fannar (Lair:7)
  A ravenous item mimic (Lair:7)
  8 naga warriors
  2 ogre magi
  3 centaur warriors
  10 hydras
  11 anacondas
  12 naga sharpshooters
  4 shock serpents
  A catoblepas (Lair:8)
  An unseen horror (D:14)
  6 sea snakes (Snake:4)
  A wizard (D:15)
  An orc knight (Bailey)
  4 naga ritualists
  An anaconda skeleton (Snake:1)
  5 hill giants
  A harpy (Lair:8)
  6 mana vipers
  3 griffons
  An oklob plant (Orc:2)
  6 salamanders
  A cyclops (D:15)
  6 manticores
  6 ugly things
  15 naga magi
  2 mermaids (Lair:4)
  4 elephants
  29 black mambas
  A torpor snail (Lair:6)
  A guardian serpent (Snake:4)
  An item mimic (Snake:3)
  A gargoyle (D:14)
  13 komodo dragons
  25 spiny frogs
  4 fire drakes
  2 kobold demonologists (D:12)
  A minotaur zombie (Lab)
  A yaktaur (D:15)
  A freezing wraith (D:13)
  5 trolls
  Sonja (D:15)
  2 queen bees
  2 merfolk (Lair:4)
  A giant leech (Lair:8)
  2 polar bears (Lair:5)
  Prince Ribbit (D:8)
  22 blink frogs
  3 two-headed ogres (D:15)
  2 black mamba zombies (Snake:1)
  9 basilisks
  A spriggan (D:7)
  A shadow (D:14)
  11 hippogriffs
  2 trapdoor spiders (Lab)
  52 yaks
  3 wraiths
  A water elemental (D:13)
  3 deep elf magi
  11 wyverns
  A wyvern (shapeshifter) (D:13)
  3 wargs
  2 hungry ghosts
  8 vampire mosquitoes (Lair:8)
  3 wolves (Lair:5)
  A hill giant skeleton (D:10)
  11 porcupines
  Menkaure (D:4)
  2 mottled dragons (D:13)
  A hell hound (Lair:8)
  26 orc warriors
  2 sky beasts (D:15)
  36 water moccasins
  42 nagas
  A necrophage (D:11)
  5 phantoms
  11 ogres
  2 ice beasts
  5 yellow wasps
  13 crocodiles
  3 boring beetles
  37 giant frogs
  4 big kobolds
  19 centaurs
  A brain worm (D:15)
  A wyvern skeleton (D:13)
  An eye of draining (D:11)
  2 scorpions
  41 killer bees
  A tengu zombie (D:10)
  A naga skeleton (Snake:1)
  A goliath beetle (D:12)
  A quasit (D:7)
  13 electric eels
  4 crimson imps
  9 wights
  3 jellies
  9 hounds
  10 orc priests
  2 giant frog skeletons
  23 orc wizards
  6 iguanas
  7 worker ants
  2 naga zombies (Snake:1)
  An ogre zombie (D:10)
  13 sheep
  Jessica (D:2)
  A crocodile zombie (D:10)
  Terence (D:2)
  2 mummies
  15 gnolls
  36 green rats
  21 adders
  A scorpion zombie (D:5)
  4 giant mites
  3 shadow imps
  3 worms
  An iguana skeleton (D:7)
  An orc skeleton (D:10)
  12 giant geckos
  An ooze (D:3)
  134 orcs
  16 bats
  10 giant cockroaches
  29 hobgoblins
  5 jackals (D:8)
  44 kobolds
  7 quokkas
  3 ball pythons
  A ball python zombie (D:4)
  10 giant newts
  49 goblins
  A jackal skeleton (D:8)
  An orc zombie (D:6)
  24 rats
  A rat zombie (D:6)
  6 ballistomycetes (D:10)
  A plant (D:1)
1186 creatures vanquished.

Vanquished Creatures (collateral kills)
  Roxanne (D:15)
  A greater naga (Snake:5)
  7 naga warriors
  An anaconda (Snake:4)
  An orc high priest (Orc:3)
  A hill giant (D:13)
  5 mana vipers
  A cyclops (D:13)
  A salamander (Snake:4)
  A manticore (Lair:8)
  A black mamba (Lair:7)
  7 naga magi
  A troll (D:13)
  A yak (Lair:7)
  A hippogriff (Lair:8)
  11 nagas
  A hell hound (Lair:8)
  8 orc warriors (Orc:3)
  A centaur (D:10)
  2 giant frogs (Lair:8)
  3 wights
  3 orcs
60 creatures vanquished.

Vanquished Creatures (others)
  A naga warrior (Snake:5)
  9 mana vipers
  7 guardian golems
  A deep elf mage (D:12)
  A worker ant (D:10)
  2 giant spores (D:10)
  2 fungi
  5 plants
28 creatures vanquished.

Grand Total: 1274 creatures vanquished

Notes
Turn   | Place    | Note
--------------------------------------------------------------
     0 | D:1      | PolkaDot, the Vampire Enchanter, began the quest for the Orb.
     0 | D:1      | Reached XP level 1. HP: 13/13 MP: 3/3
   317 | D:1      | Reached skill level 5 in Hexes
   321 | D:1      | Reached XP level 2. HP: 16/19 MP: 1/4
   365 | D:1      | Learned a level 2 spell: Ensorcelled Hibernation
  1704 | D:2      | Reached skill level 1 in Ice Magic
  1773 | D:2      | Reached XP level 3. HP: 24/24 MP: 0/6
  2211 | D:2      | Learned a level 3 spell: Confuse
  2367 | D:2      | Noticed Terence
  2371 | D:2      | Killed Terence
  2386 | D:2      | Reached skill level 6 in Hexes
  2415 | D:2      | Reached XP level 4. HP: 30/30 MP: 5/7
  2445 | D:2      | Noticed Jessica
  2449 | D:2      | Killed Jessica
  2449 | D:2      | Reached skill level 5 in Stealth
  3195 | D:3      | Reached XP level 5. HP: 22/35 MP: 6/9
  3197 | D:3      | Reached skill level 7 in Hexes
  3594 | D:3      | Found a glowing drain.
  3671 | Sewer    | Entered a sewer
  3919 | Sewer    | Reached XP level 6. HP: 41/41 MP: 10/10
  4684 | D:4      | Found an ancient bone altar of Kikubaaqudgha.
  4732 | D:5      | Entered Level 5 of the Dungeon
  4876 | D:5      | Reached skill level 8 in Hexes
  5083 | D:5      | Found a glowing silver altar of Zin.
  5086 | D:5      | Found a shimmering altar of Xom.
  5095 | D:5      | Found a shadowy altar of Dithmenos.
  5853 | D:6      | Found a staircase to the Ecumenical Temple.
  5854 | D:6      | Noticed a wyvern
  5858 | D:6      | Killed a wyvern
  5858 | D:6      | Reached XP level 7. HP: 46/46 MP: 12/12
  5865 | Temple   | Entered the Ecumenical Temple
  5874 | Temple   | Became a worshipper of Ashenzari the Shackled
  6221 | D:4      | Reached skill level 9 in Hexes
  6411 | D:4      | Noticed Menkaure
  6417 | D:4      | Learned a level 4 spell: Enslavement
  6424 | D:4      | Killed Menkaure
  6424 | D:4      | Reached skill level 1 in Armour
  7054 | D:6      | Reached skill level 10 in Hexes
  7054 | D:6      | Reached XP level 8. HP: 52/52 MP: 10/13
  7078 | D:6      | Found a deep blue altar of Sif Muna.
  7128 | D:6      | Found a burning altar of Makhleb.
  7751 | D:7      | Found Heatat's Assorted Antiques.
  7762 | D:7      | Bought a scroll of remove curse for 105 gold pieces
  7762 | D:7      | Bought a scroll of remove curse for 105 gold pieces
  7897 | D:7      | Found Hyumuma's Distillery.
  8282 | D:7      | Reached skill level 10 in Stealth
  8359 | D:7      | Found a deep blue altar of Sif Muna.
  8494 | D:8      | Noticed Prince Ribbit
  8497 | D:8      | Killed Prince Ribbit
  8564 | D:8      | Acquired Ashenzari's first power
  8848 | D:8      | Reached skill level 1 in Fighting
  8976 | D:8      | Reached XP level 9. HP: 59/59 MP: 14/14
  9050 | D:8      | Reached skill level 11 in Hexes
  9635 | D:8      | Learned a level 2 spell: Sure Blade
 10074 | D:9      | Found Geamuac's Assorted Antiques.
 10568 | D:9      | Bought a scroll of identify for 76 gold pieces
 10568 | D:9      | Bought a scroll of identify for 76 gold pieces
 10701 | D:9      | Reached skill level 5 in Fighting
 10783 | D:9      | Reached skill level 12 in Stealth
 11030 | D:9      | Reached XP level 10. HP: 74/76 MP: 16/16
 11146 | D:10     | Entered Level 10 of the Dungeon
 11309 | D:10     | Reached skill level 1 in Shields
 11310 | D:10     | Found a staircase to the Orcish Mines.
 11312 | D:10     | Acquired Ashenzari's second power
 11420 | D:10     | Found a staircase to the Lair.
 11592 | D:10     | Noticed a hill giant
 11611 | D:10     | Killed a hill giant
 12669 | D:11     | Reached skill level 13 in Stealth
 12989 | D:11     | Reached skill level 5 in Shields
 13150 | D:11     | Found a bloodstained altar of Trog.
 13342 | D:11     | Noticed a hill giant
 13348 | D:11     | Killed a hill giant
 13348 | D:11     | Reached XP level 11. HP: 81/81 MP: 17/17
 13523 | D:11     | Found Thijask's Weapon Emporium.
 13733 | D:10     | Noticed a hill giant
 13754 | D:10     | Killed a hill giant
 13811 | Lair:1   | Entered Level 1 of the Lair of Beasts
 13905 | Lair:1   | Found a labyrinth entrance.
 13936 | Lab      | Entered a labyrinth
 14053 | Lab      | Noticed a minotaur
 14068 | Lab      | Killed a minotaur
 14068 | Lab      | Reached skill level 14 in Stealth
 14158 | Lair:1   | Acquired Ashenzari's third power
 15196 | Lair:2   | Identified 2 scrolls of acquirement
 15196 | Lair:2   | Identified the cursed +2 buckler of a Thousand Wishes {rF+ Slay+2} (You acquired it on level 2 of the Lair of Beasts)
 16899 | Lair:4   | Reached skill level 15 in Stealth
 16978 | Lair:4   | Found a staircase to the Shoals.
 17170 | Lair:4   | Reached skill level 15 in Hexes
 17170 | Lair:4   | Reached XP level 12. HP: 95/95 MP: 10/18
 17227 | Lair:4   | Acquired Ashenzari's fourth power
 17738 | Lair:4   | Found a staircase to the Snake Pit.
 17959 | Lair:4   | Learned a level 3 spell: Dazzling Spray
 18501 | Lair:5   | Reached skill level 10 in Fighting
 18595 | Lair:5   | Reached skill level 16 in Stealth
 19117 | Lair:5   | Noticed a six-headed hydra
 19127 | Lair:5   | Killed a six-headed hydra
 19133 | Lair:5   | Reached skill level 5 in Dodging
 19467 | Lair:5   | Noticed a four-headed hydra
 19476 | Lair:5   | Killed a four-headed hydra
 19819 | Lair:6   | Found a viscous altar of Jiyva.
 19819 | Lair:6   | Found a staircase to the Slime Pits.
 20289 | Lair:6   | Reached XP level 13. HP: 103/103 MP: 15/19
 20813 | Lair:7   | Reached skill level 17 in Stealth
 20833 | Lair:7   | Noticed Fannar
 20837 | Lair:7   | Killed Fannar
 22283 | Lair:8   | Entered Level 8 of the Lair of Beasts
 22424 | Lair:8   | Reached skill level 18 in Stealth
 22556 | Lair:8   | Reached skill level 10 in Dodging
 23136 | Lair:8   | Reached XP level 14. HP: 110/110 MP: 13/20
 24564 | Lair:8   | Reached skill level 19 in Stealth
 25239 | D:9      | Bought an onyx ring for 190 gold pieces
 25239 | D:9      | Bought a paperback book for 570 gold pieces
 25915 | D:12     | Reached skill level 5 in Short Blades
 26727 | D:12     | Identified a +1 rod of the swarm (3/12) (You took it off a hill giant on level 12 of the Dungeon)
 28315 | D:14     | Found a gate to the Vaults.
 28624 | D:14     | Reached XP level 15. HP: 115/115 MP: 21/21
 28876 | D:15     | Entered Level 15 of the Dungeon
 28876 | D:15     | Noticed Roxanne
 28906 | D:15     | Noticed Sonja
 28915 | D:15     | Killed Sonja
 28971 | D:15     | Reached skill level 20 in Stealth
 29006 | D:15     | Learned a level 5 spell: Summon Mana Viper
 29031 | D:15     | Killed Roxanne
 29569 | D:15     | Found a staircase to the Depths.
 29958 | Orc:1    | Entered Level 1 of the Orcish Mines
 30029 | Orc:1    | Found a flagged portal.
 30061 | Bailey   | Entered a bailey
 30592 | Bailey   | Identified the +10 cutlass of Gravity {drain, Dex+3}
 30627 | Bailey   | Gained mutation: Your flesh is heat resistant. [potion of beneficial mutation]
 31081 | Orc:2    | Noticed Snorg
 31190 | Orc:2    | Found Ariwacea's Distillery.
 31424 | Orc:2    | Killed Snorg
 31708 | Orc:3    | Found Suczede's Magic Scroll Emporium.
 31821 | Orc:3    | Found Zivvalir's Book Emporium.
 31844 | Orc:3    | Bought a scroll of enchant weapon for 90 gold pieces
 31844 | Orc:3    | Bought a scroll of immolation for 42 gold pieces
 31844 | Orc:3    | Bought a scroll of acquirement for 624 gold pieces
 31844 | Orc:3    | Bought a scroll of enchant weapon for 90 gold pieces
 31845 | Orc:3    | Identified the cursed -5 buckler of Fanaticism {Dex+5 Int+4} (You acquired it on level 3 of the Orcish Mines)
 31859 | Orc:3    | Found Ereaf's Gadget Shop.
 31878 | Orc:3    | Bought a book of Wizardry for 360 gold pieces
 32046 | Orc:3    | Found a staircase to the Elven Halls.
 32079 | Orc:3    | Found Curoacs' General Store.
 32438 | Orc:3    | Reached skill level 10 in Short Blades
 32482 | Orc:3    | Found a roughly hewn altar of Beogh.
 32996 | Snake:1  | Entered Level 1 of the Snake Pit
 33330 | Snake:1  | Noticed Josephine
 33338 | Snake:1  | Killed Josephine
 33365 | Snake:1  | Reached skill level 5 in Spellcasting
 33888 | Snake:1  | Learned a level 4 spell: Summon Guardian Golem
 33916 | Snake:1  | Noticed Agnes
 33923 | Snake:1  | Killed Agnes
 33949 | Snake:1  | Noticed Frances
 34005 | Snake:1  | Killed Frances
 34284 | Snake:2  | Found Skaggiob's Magic Scroll Shop.
 34294 | Snake:2  | Bought a scroll of enchant weapon for 150 gold pieces
 34294 | Snake:2  | Bought a scroll of immolation for 70 gold pieces
 34332 | Snake:2  | Reached skill level 1 in Charms
 34827 | Snake:2  | Reached XP level 16. HP: 122/122 MP: 30/30
 35136 | Snake:3  | Found Puowuic's Food Shoppe.
 35431 | Snake:3  | Reached skill level 5 in Charms
 36661 | Snake:4  | Found Smaphakipp's Food Shoppe.
 36692 | Snake:4  | Reached skill level 21 in Stealth
 36769 | Snake:4  | Found Suwil's Assorted Antiques.
 36780 | Snake:4  | Bought a glittering lapis lazuli ring for 150 gold pieces
 36780 | Snake:4  | Identified the ring "Schobeto" {+Inv +Fly rF+ Dex+3 Stlth-} (You bought it in a shop on level 4 of the Snake Pit)
 37732 | Snake:5  | Entered Level 5 of the Snake Pit
 37733 | Snake:5  | Noticed Vashnia
 37737 | Snake:5  | Killed Vashnia
 38374 | Snake:5  | Reached XP level 17. HP: 117/128 MP: 9/31
 38382 | Snake:5  | Learned a level 6 spell: Simulacrum
 38657 | Snake:5  | Reached skill level 1 in Necromancy
 38691 | Snake:5  | Mangled by an anaconda

Action                   |  1- 3 |  4- 6 |  7- 9 | 10-12 | 13-15 | 16-18 || total
-------------------------+-------+-------+-------+-------+-------+-------++-------
Melee: Dagger            |   200 |   208 |   228 |   726 |  2658 |   548 ||  4568
 Cast: Corona            |     6 |     1 |     1 |     5 |     4 |     2 ||    19
       Ensorcelled Hiber |    27 |    56 |    83 |   130 |   129 |    72 ||   497
       Confuse           |     1 |     4 |    20 |    37 |    26 |    26 ||   114
       Enslavement       |       |       |     3 |     5 |    26 |       ||    34
       Sure Blade        |       |       |       |     2 |     5 |     3 ||    10
       Dazzling Spray    |       |       |       |       |     4 |       ||     4
       Summon Mana Viper |       |       |       |       |    15 |    30 ||    45
       Summon Guardian G |       |       |       |       |       |     9 ||     9
       Simulacrum        |       |       |       |       |       |     2 ||     2
Invok: Scrying           |       |       |       |       |     1 |     1 ||     2
Evoke: Wand              |       |       |     3 |     4 |     6 |     1 ||    14
  Use: Potion            |     1 |       |       |     3 |     6 |     7 ||    17
       Scroll            |       |     7 |    18 |    21 |    16 |     7 ||    69
 Stab: Sleeping          |    23 |    54 |    76 |   135 |   213 |    63 ||   564
       Distracted        |       |     1 |     1 |     4 |     7 |     7 ||    20
       Confused          |       |     5 |    14 |    23 |    24 |    13 ||    79
       Invisible         |       |       |       |       |     5 |       ||     5
       Petrified         |       |       |       |       |     4 |       ||     4
       Betrayed ally     |       |       |       |       |     3 |       ||     3
       Petrifying        |       |       |       |       |     1 |       ||     1
  Eat: Corpse            |     1 |       |       |       |       |       ||     1
